AoeStats
← franvagni

Black Forest

505147294Analyzed
3v3 RM · 25d ago on Sep 8, 2026· 48m 9s· 6 players
Game mode
Random Map
Map size
Normal (6 player)
Population
200
Speed
Normal
Resources
Standard
Victory
Conquest
Starting age
Dark Age
Ending age
Imperial Age
RankedLock teamsTeams togetherTeam positionsShared explorationLock speedFull tech treeHidden civsTurbo modeCheats
Victory
Defeat
🇦🇷 Teutons · Argentina
715
+14
🇺🇸 Britons · United States
692
+15
🇦🇷 Ethiopians · Argentina
669
+16
🇺🇸 Georgians · United States
760
-48
690
-16
🇺🇸 Burgundians · United States
569
-11
ColeEcoBOOM
0:51 Loom
18:18 Feudal Age
18:45 Horse Collar
19:36 Gold Mining
21:54 Stone Mining
21:51 Double-Bit Axe
24:43 Wheelbarrow
23:53 Town Watch
24:53 Fletching
28:12 Castle Age
28:15 Forging
28:06 Scale Mail Armor
28:11 Scale Barding Armor
28:06 Padded Archer Armor
29:54 Bow Saw
30:04 Heavy Plow
30:45 Caravan
32:58 Gold Shaft Mining
32:41 Bodkin Arrow
37:49 Imperial Age
36:08 Leather Archer Armor
36:30 Iron Casting
36:51 Chain Mail Armor
37:46 Hand Cart
38:08 Guard Tower
38:31 Bracer
39:14 Town Patrol
41:09 Ring Archer Armor
42:04 Blast Furnace
42:41 Two-Man Saw
42:32 Elite Longbowman
43:34 Conscription
44:06 Keep
44:26 Ballistics
44:56 Murder Holes
45:01 Crossbowman
46:01 Arbalester
48:51 Chemistry
48:14 Arrowslits
48:42 Masonry
franvagni
2:42 Loom
16:35 Feudal Age
17:30 Town Watch
20:44 Fletching
21:39 Padded Archer Armor
27:23 Castle Age
25:46 Scale Mail Armor
27:47 Wheelbarrow
28:43 Elite Skirmisher
31:21 Squires
31:07 Arson
34:55 Murder Holes
35:10 Masonry
38:59 Light Cavalry
40:08 Forging
40:14 Chain Mail Armor
40:54 Royal Heirs
45:06 Imperial Age
44:58 Ballistics
46:01 Double-Bit Axe
48:31 Bodkin Arrow
48:51 Leather Archer Armor
48:51 Fervor
49:02 Sanctity
49:00 Hand Cart
Carlitos_Torino Nanobot
0:30 Loom
18:57 Feudal Age
19:56 Town Watch
20:10 Double-Bit Axe
20:10 Horse Collar
22:20 Gold Mining
22:22 Stone Mining
22:52 Fletching
24:07 Forging
23:58 Scale Mail Armor
23:58 Padded Archer Armor
24:04 Scale Barding Armor
23:29 Man-at-Arms
23:55 Arson
28:28 Castle Age
29:54 Town Patrol
30:12 Caravan
30:44 Coinage
31:21 Squires
31:07 Gambesons
30:43 Pikeman
30:44 Long Swordsman
31:43 Bodkin Arrow
33:54 Leather Archer Armor
34:31 Stone Shaft Mining
33:59 Heavy Plow
34:14 Bow Saw
35:19 Iron Casting
35:00 Chain Mail Armor
35:15 Fortified Wall
35:17 Masonry
36:02 Crossbowman
37:46 Chain Barding Armor
39:43 Wheelbarrow
42:15 Hand Cart
44:36 Imperial Age
44:46 Ballistics
44:17 Guard Tower
44:06 Elite Skirmisher
44:48 Two-Handed Swordsman
Kenshin Brown
11:31 Feudal Age
9:58 Double-Bit Axe
11:32 Wheelbarrow
10:55 Gold Mining
10:48 Horse Collar
18:38 Castle Age
17:26 Heavy Plow
17:46 Bow Saw
18:49 Forging
19:39 Hand Cart
24:14 Caravan
28:04 Scale Barding Armor
28:45 Cavalier
33:30 Iron Casting
35:57 Chain Barding Armor
40:07 Imperial Age
40:08 Paladin
42:33 Blast Furnace
42:23 Plate Barding Armor
Smada0702
10:55 Loom
13:31 Feudal Age
13:41 Man-at-Arms
17:27 Wheelbarrow
17:50 Gold Mining
18:29 Double-Bit Axe
22:36 Arson
24:02 Bloodlines
24:42 Fletching
BoBo鸡之印第安走地鸡
0:31 Loom
17:57 Feudal Age
19:03 Wheelbarrow
19:23 Double-Bit Axe
21:49 Castle Age
22:17 Bow Saw
22:23 Horse Collar
23:52 Heavy Plow
34:57 Imperial Age
32:42 Hand Cart
32:14 Town Watch
33:04 Scale Barding Armor
33:13 Forging
33:03 Padded Archer Armor
32:54 Fletching
34:59 Stone Mining
35:02 Gold Mining
35:51 Iron Casting
35:32 Leather Archer Armor
35:12 Bodkin Arrow
36:13 Squires
35:59 Arson
35:35 Man-at-Arms
37:06 Crop Rotation
37:19 Stone Shaft Mining
37:23 Gold Shaft Mining
36:36 Treadmill Crane
36:58 Long Swordsman
36:58 Pikeman
38:43 Blast Furnace
38:15 Ring Archer Armor
38:19 Bracer
37:57 Two-Handed Swordsman
39:43 Forced Levy
40:33 Conscription
Connection lost

Rejoining the realm…

Still unreachable

The connection could not be restored.

Session expired

The server has moved on; the page needs a fresh start.